 Dungeon Crawl Stone Soup version 0.20-a0-1020-g7b9e4fe (webtiles) character file.

660 mopl the Covert (level 7, -3/38 HPs)
             Began as a Deep Elf Assassin on Apr 18, 2017.
             Slain by Pikel
             ... wielding a +0 whip of electrocution
              (17 damage)
             ... on level 4 of the Dungeon.
             The game lasted 00:09:25 (5612 turns).

mopl the Covert (Deep Elf Assassin)                 Turns: 5612, Time: 00:09:26

Health: -3/38      AC:  6    Str:  6    XL:     7   Next: 30%
Magic:  9/9        EV: 12    Int: 16    God:
Gold:   118        SH:  0    Dex: 18    Spells: 6/6 levels left

rFire    . . .     SeeInvis .   b - +0 blowgun
rCold    . . .     Gourm    .   (no shield)
rNeg     . . .     Faith    .   c - +0 robe
rPois    .         Spirit   .   (no helmet)
rElec    .         Reflect  .   u - +0 cloak
rCorr    .         Harm     .   (no gloves)
MR       .....                  x - +2 pair of boots
Stlth    +++++.....             (no amulet)
Regen    0.2/turn               l - -2 ring of strength (curse)
MPRegen  0.2/turn               n - ring of stealth

@: no status effects
A: no striking features
a: no special abilities


You were on level 4 of the Dungeon.
You were not hungry.

You visited 1 branch of the dungeon, and saw 4 of its levels.

You collected 118 gold pieces.

Inventory:

Hand Weapons
 a - a +2 dagger of freezing
 b - a +0 blowgun (weapon)
 t - a +3 quarterstaff of chaos
Missiles
 d - 2 tomahawks
 e - 7 poisoned needles (quivered)
Armour
 c - a +0 robe (worn)
 u - a +0 cloak (worn)
 x - a +2 pair of boots (worn)
Jewellery
 l - a cursed -2 ring of strength (left hand)
 n - a ring of stealth (right hand)
Scrolls
 h - 2 scrolls of remove curse {unknown}
 i - a scroll of teleportation {unknown}
 j - 2 scrolls of identify {unknown}
 k - a scroll of recharging {unknown}
 o - 2 scrolls of amnesia {unknown}
 v - a scroll of enchant armour {unknown}
 w - a scroll of blinking {unknown}
Books
 q - a book of Beasts

   Spells                             Type                      Level
   a - Summon Butterflies             Summoning                    1
   b - Call Canine Familiar           Summoning                    3
   c - Summon Ice Beast               Ice/Summoning                4
   d - Summon Mana Viper              Hexes/Summoning              5
   e - Summon Hydra                   Summoning                    7
Comestibles
 g - 4 bread rations
 m - a meat ration
 p - a royal jelly
 r - 4 fruits
 s - a chunk of flesh


   Skills:
 - Level 1.5 Fighting
 + Level 4.1 Short Blades
 + Level 4.2 Throwing
 - Level 1.2 Dodging
 * Level 9.1 Stealth


You had 6 spell levels left.
You didn't know any spells.

Dungeon Overview and Level Annotations

Branches:
Dungeon (4/15)
 Temple: D:4-7

Altars:
Fedhas
Kikubaaqudgha
Vehumet
Xom

Annotations:
D:4 Pikel


Message History

Pikel says, "You'll feel the lick of my whip!"
Firing (i - inventory. (,) - cycle):
f - 2 curare-tipped needles (quivered)
Press: ? - help, Shift-Dir - straight line, f/p - Pikel
Aim: Pikel, wielding a whip of electrocution and wearing a robe (lightly wounded, poisoned)
You shoot a curare-tipped needle.
The curare-tipped needle closely misses Pikel.
The curare-tipped needle barely misses the slave. x2
The curare-tipped needle hits the slave.
The slave is poisoned.
The slave convulses.
The slave seems to slow down.
The slave is lightly wounded.
Unknown command.
Firing (i - inventory. (,) - cycle):
f - a curare-tipped needle (quivered)
Press: ? - help, Shift-Dir - straight line, f/p - Pikel
Aim: Pikel, wielding a whip of electrocution and wearing a robe (lightly wounded, poisoned)
You shoot a curare-tipped needle. The curare-tipped needle hits Pikel.
Pikel looks even sicker.
Pikel convulses.
Pikel seems to slow down.
Pikel is moderately wounded.
Pikel hits you with a whip of electrocution.
You are electrocuted!
You die...

###########################
.(...[(((.(p.ppK@>........#
#########################.#
#.# ### #.# ..# #.# ))# #.#
# .[# #.# # ..# #.# #
..###p>. #.# #


You could see Pikel and 3 slaves.

Vanquished Creatures
  Duvessa (D:4)
  A slave (D:4)
  Dowan (D:3)
  A hound (D:3)
  4 orc priests
  Crazy Yiuf (D:3)
  Jessica (D:2)
  3 orc wizards
  A worker ant (D:3)
  6 adders
  2 oozes
  4 worms
  A dart slug (D:3)
  6 leopard geckos
  15 orcs
  7 bats
  5 giant cockroaches
  10 goblins
  8 hobgoblins
  19 jackals
  4 quokkas
  A ball python (D:4)
  A frilled lizard (D:1)
  6 kobolds
  3 rats
112 creatures vanquished.

Notes
Turn   | Place    | Note
-------+----------+-------------------------------------------
     0 | D:1      | mopl the Deep Elf Assassin began the quest for the Orb.
     0 | D:1      | Reached XP level 1. HP: 12/12 MP: 3/3
    29 | D:1      | Reached skill level 5 in Stealth
   349 | D:1      | Reached XP level 2. HP: 16/16 MP: 4/4
   914 | D:1      | Reached XP level 3. HP: 19/20 MP: 5/5
  1474 | D:1      | Reached skill level 6 in Stealth
  1662 | D:2      | Found a radiant altar of Vehumet.
  1811 | D:2      | Noticed Jessica
  1854 | D:2      | Killed Jessica
  1854 | D:2      | Reached XP level 4. HP: 13/25 MP: 6/6
  2162 | D:3      | Found a blossoming altar of Fedhas.
  2215 | D:3      | Reached skill level 3 in Throwing
  2389 | D:2      | Reached XP level 5. HP: 28/29 MP: 7/7
  2592 | D:3      | Reached skill level 3 in Short Blades
  2592 | D:3      | Reached skill level 7 in Stealth
  3661 | D:3      | Found a shimmering altar of Xom.
  3727 | D:3      | Found a runed door.
  3732 | D:3      | Noticed Crazy Yiuf
  3766 | D:3      | Killed Crazy Yiuf
  3766 | D:3      | Reached XP level 6. HP: 26/34 MP: 8/8
  3985 | D:3      | Found a faded altar of an unknown god.
  4168 | D:4      | Noticed Duvessa
  4168 | D:4      | Noticed Dowan
  4169 | D:4      | Killed Duvessa
  4169 | D:4      | Reached skill level 8 in Stealth
  4180 | D:3      | Killed Dowan
  4180 | D:3      | Reached skill level 4 in Throwing
  4761 | D:3      | Reached XP level 7. HP: 34/38 MP: 9/9
  4843 | D:4      | Found an ancient bone altar of Kikubaaqudgha.
  4855 | D:4      | Reached skill level 4 in Short Blades
  5240 | D:3      | Reached skill level 9 in Stealth
  5554 | D:4      | Noticed Pikel
  5612 | D:4      | Slain by Pikel

Vault maps used:
D:1:      matt_arrival_grand_opening, minivault_23
D:2:      minmay_diamond_boxcup, vehumet_crystals, uniq_jessica
D:3:      marbit_many_paths, fedhas_altar_1, chequers_ecumenical_altar_twisty,
          uniq_crazy_yiuf_cottage
D:4:      nicolae_overflow_hidden_temple, uniq_duvessa, uniq_pikel

Skill      XL: |  1  2  3  4  5  6  7 |
---------------+----------------------+-----
Stealth        | 5 6 7 8 9 |  9.1
Throwing       | 3 4 |  4.2
Short Blades   | 3 4 |  4.1
Fighting       | |  1.5
Dodging        | |  1.2

Action                   |  1- 3 |  4- 6 |  7- 9 || total
-------------------------+-------+-------+-------++-------
Melee: Dagger            |   110 |   148 |    80 ||   338
       Blowgun           |       |     1 |       ||     1
 Fire: Blowgun           |    42 |    73 |    21 ||   136
  Use: Potion            |       |     1 |       ||     1
 Stab: Sleeping          |     1 |    14 |     9 ||    24
  Eat: Chunk             |     2 |    10 |     3 ||    15
Armor: Robe              |    41 |    21 |    14 ||    76
Dodge: Dodged            |   100 |    91 |    66 ||   257
